IL
BUFFALO BISONS @ NASHVILLE SOUNDS
09/25/2046
 
TOP OF THE 1ST
Buffalo Bisons batting - Pitching for Nashville Sounds : RHP Ryan DeMille
Pitching: RHP Ryan DeMille
Batting: RHB Francisco Hernandez 0-0: Foul Ball, location: 2F
0-1: Ball
1-1: Ball
2-1: Foul Ball, location: 2F
2-2: Ground out 2-3 (Groundball, 13S, EV 73.1 MPH)
Batting: RHB Amari Benton 0-0: Swinging Strike
0-1: Called Strike
0-2: Ball
1-2: Foul Ball, location: 2F
1-2: Ball
2-2: Strikes out swinging
Batting: RHB Finn Ross 0-0: Ball
1-0: Ball
2-0: Called Strike
2-1: Ground out 6-3 (Groundball, 56, EV 89.4 MPH)
Top of the 1st over - 0 runs, 0 hits, 0 errors, 0 left on base; Buffalo 0 - Nashville 0
BOTTOM OF THE 1ST
Nashville Sounds batting - Pitching for Buffalo Bisons : LHP Danny Lawson
Pitching: LHP Danny Lawson
Batting: RHB Jeff Garofalo 0-0: Foul Ball, location: 2F
0-1: Swinging Strike
0-2: Ball
1-2: Foul Ball, location: 2F
1-2: Foul Ball, location: 2F
1-2: Ball
2-2: Ball
3-2: Strikes out looking
Batting: RHB Dan Boylan 0-0: Hit by Pitch
Batting: LHB Isto Mäyrä 0-0: Called Strike
0-1: Ball
1-1: Foul Ball, location: 2F
1-2: Ball
2-2: Ball
3-2: Base on Balls
Dan Boylan to second
Batting: RHB Jerry Escamilla 0-0: Ball
1-0: Called Strike
1-1: Called Strike
1-2: Ball
2-2: Foul Ball, location: 2F
2-2: Ball
3-2: Foul Ball, location: 2F
3-2: Strikes out swinging
Batting: RHB Chris Stillions 0-0: Ball
1-0: Called Strike
1-1: Foul Ball, location: 2F
1-2: Foul Ball, location: 2F
1-2: Strikes out looking
Bottom of the 1st over - 0 runs, 0 hits, 0 errors, 2 left on base; Buffalo 0 - Nashville 0
TOP OF THE 2ND
Buffalo Bisons batting - Pitching for Nashville Sounds : RHP Ryan DeMille
Batting: RHB Jordan Fairburn 0-0: Ball
1-0: Ball
2-0: Called Strike
2-1: Foul Ball, location: 2F
2-2: Ball
3-2: Strikes out swinging
Batting: RHB Jon Aguilar 0-0: Ball
1-0: Ball
2-0: Swinging Strike
2-1: Ground out 1-3 (Groundball, 34S, EV 69.4 MPH)
Batting: RHB Itsuo Egami 0-0: Ball
1-0: Ball
2-0: Called Strike
2-1: Ball
3-1: Base on Balls
Batting: RHB Danny Heyer 0-0: Ball
1-0: Called Strike
Itsuo Egami steals 2nd base
1-1: Ball
2-1: Called Strike
2-2: SINGLE (Groundball, 25, EV 71.9 MPH) (infield hit)
Itsuo Egami to third
Batting: RHB Darren McCarty Jr. 0-0: Ball
1-0: Ball
2-0: Called Strike
2-1: Foul Ball, location: 2F
2-2: Ball
3-2: Strikes out swinging
Top of the 2nd over - 0 runs, 1 hit, 0 errors, 2 left on base; Buffalo 0 - Nashville 0
BOTTOM OF THE 2ND
Nashville Sounds batting - Pitching for Buffalo Bisons : LHP Danny Lawson
Batting: RHB Mike Cervino 0-0: Ground out 5-3 (Groundball, 56S, EV 83.1 MPH)
Batting: RHB Antonio Gomez 0-0: Called Strike
0-1: Ball
1-1: Swinging Strike
1-2: Strikes out swinging
Batting: RHB Ben Zeiler 0-0: Foul Ball, location: 2F
0-1: Foul Ball, location: 2F
0-2: Foul Ball, location: 2F
0-2: Strikes out swinging
Bottom of the 2nd over - 0 runs, 0 hits, 0 errors, 0 left on base; Buffalo 0 - Nashville 0
TOP OF THE 3RD
Buffalo Bisons batting - Pitching for Nashville Sounds : RHP Ryan DeMille
Batting: RHB Justin Ganey 0-0: Called Strike
0-1: Foul Ball, location: 2F
0-2: Ball
1-2: Ball
2-2: Strikes out swinging
Batting: RHB Francisco Hernandez 0-0: Called Strike
0-1: Swinging Strike
0-2: Ball
1-2: Ball
2-2: Ball
3-2: Foul Ball, location: 2F
3-2: Foul Ball, location: 2F
3-2: Foul Ball, location: 2F
3-2: Fly out, F8 (Flyball, 8RD, EV 100.6 MPH)
Batting: RHB Amari Benton 0-0: Foul Ball, location: 2F
0-1: Ball
1-1: Ball
2-1: Ground out U3 (Groundball, 34S, EV 88.1 MPH)
Top of the 3rd over - 0 runs, 0 hits, 0 errors, 0 left on base; Buffalo 0 - Nashville 0
BOTTOM OF THE 3RD
Nashville Sounds batting - Pitching for Buffalo Bisons : LHP Danny Lawson
Batting: RHB Eduardo Chavez 0-0: Ground out 6-3 (Groundball, 6, EV 89.4 MPH)
Batting: RHB Jeff Garofalo 0-0: Ball
1-0: Foul Ball, location: 2F
1-1: Ball
2-1: Ball
3-1: Ground out U3 (Groundball, 34, EV 86.9 MPH)
Batting: RHB Dan Boylan 0-0: Ball
1-0: Called Strike
1-1: Called Strike
1-2: Strikes out swinging
Bottom of the 3rd over - 0 runs, 0 hits, 0 errors, 0 left on base; Buffalo 0 - Nashville 0
TOP OF THE 4TH
Buffalo Bisons batting - Pitching for Nashville Sounds : RHP Ryan DeMille
Batting: RHB Finn Ross 0-0: Called Strike
0-1: Ball
1-1: Ball
2-1: Ball
3-1: Called Strike
3-2: Base on Balls
Batting: RHB Jordan Fairburn 0-0: Called Strike
0-1: Called Strike
Finn Ross steals 2nd base
0-2: Strikes out swinging
Batting: RHB Jon Aguilar 0-0: Ball
1-0: Ball
2-0: Foul Ball, location: 2F
2-1: Ball
3-1: Foul Ball, location: 2F
3-2: Strikes out swinging
Batting: RHB Itsuo Egami 0-0: Ball
Wild Pitch!
Finn Ross to third
1-0: Ball
2-0: Ground out 6-3 (Groundball, 6M, EV 106.2 MPH)
Top of the 4th over - 0 runs, 0 hits, 0 errors, 1 left on base; Buffalo 0 - Nashville 0
BOTTOM OF THE 4TH
Nashville Sounds batting - Pitching for Buffalo Bisons : LHP Danny Lawson
Batting: LHB Isto Mäyrä 0-0: Ball
1-0: Called Strike
1-1: Ball
2-1: Ground out 4-3 (Groundball, 4, EV 87.5 MPH)
Batting: RHB Jerry Escamilla 0-0: Ball
1-0: Ball
2-0: Ball
3-0: Base on Balls
Batting: RHB Chris Stillions 0-0: Ball
1-0: Foul Ball, location: 2F
1-1: Ball
2-1: Ball
Jerry Escamilla steals 2nd base
3-1: Foul Ball, location: 2F
3-2: Strikes out looking
Batting: RHB Mike Cervino 0-0: Swinging Strike
0-1: Swinging Strike
0-2: Ball
1-2: Foul Ball, location: 2F
1-2: Foul Ball, location: 2F
1-2: Strikes out swinging
Bottom of the 4th over - 0 runs, 0 hits, 0 errors, 1 left on base; Buffalo 0 - Nashville 0
TOP OF THE 5TH
Buffalo Bisons batting - Pitching for Nashville Sounds : RHP Ryan DeMille
Batting: RHB Danny Heyer 0-0: SINGLE (Groundball, 34S, EV 97.5 MPH)
Batting: RHB Darren McCarty Jr. 0-0: Ball
1-0: Ball
2-0: Foul Ball, location: 2F
2-1: Ball
3-1: Fly out, F8 (Flyball, 8RD, EV 109.4 MPH)
Batting: RHB Justin Ganey 0-0: Called Strike
Danny Heyer steals 2nd base
0-1: Called Strike
0-2: Foul Ball, location: 2F
0-2: Strikes out looking
Batting: RHB Francisco Hernandez 0-0: Swinging Strike
0-1: Swinging Strike
0-2: Foul Ball, location: 2F
0-2: Ball
1-2: Ball
2-2: Foul Ball, location: 2F
2-2: Foul Ball, location: 2F
2-2: Strikes out swinging
Top of the 5th over - 0 runs, 1 hit, 0 errors, 1 left on base; Buffalo 0 - Nashville 0
BOTTOM OF THE 5TH
Nashville Sounds batting - Pitching for Buffalo Bisons : LHP Danny Lawson
Batting: RHB Antonio Gomez 0-0: Swinging Strike
0-1: Called Strike
0-2: Ball
1-2: Ball
2-2: Strikes out swinging
Batting: RHB Ben Zeiler 0-0: Ball
1-0: Ball
2-0: Ball
3-0: Base on Balls
Batting: RHB Eduardo Chavez 0-0: Ball
Ben Zeiler steals 2nd, throwing error, E2
Ben Zeiler to third
1-0: Swinging Strike
1-1: Ground out 6-3 (Groundball, 6S, EV 71.9 MPH)
Batting: RHB Jeff Garofalo 0-0: Swinging Strike
0-1: Foul Ball, location: 2F
0-2: Ball
1-2: Strikes out swinging
Bottom of the 5th over - 0 runs, 0 hits, 1 error, 1 left on base; Buffalo 0 - Nashville 0
TOP OF THE 6TH
Buffalo Bisons batting - Pitching for Nashville Sounds : RHP Ryan DeMille
Batting: RHB Amari Benton 0-0: Ball
1-0: Called Strike
1-1: Ball
2-1: Fly out, F8 (Flyball, 8RD, EV 96.2 MPH)
Batting: RHB Finn Ross 0-0: Ball
1-0: Ball
2-0: Foul Ball, location: 2F
2-1: Swinging Strike
2-2: Ground out 1-3 (Groundball, 25, EV 75.6 MPH)
Batting: RHB Jordan Fairburn 0-0: Ball
1-0: Ball
2-0: Ball
3-0: Called Strike
3-1: Base on Balls
Pitching: RHP John McAuley
Batting: RHB Jon Aguilar 0-0: Ball
Jordan Fairburn is caught stealing 2nd base 2-4
Top of the 6th over - 0 runs, 0 hits, 0 errors, 0 left on base; Buffalo 0 - Nashville 0
BOTTOM OF THE 6TH
Nashville Sounds batting - Pitching for Buffalo Bisons : LHP Danny Lawson
Batting: RHB Dan Boylan 0-0: Ground out 5-3 (Groundball, 56, EV 85.0 MPH)
Batting: LHB Isto Mäyrä 0-0: Called Strike
0-1: Ball
1-1: Foul Ball, location: 2F
1-2: Ball
2-2: Ball
3-2: Fly out, F8 (Line Drive, 8RM, EV 97.5 MPH)
Batting: RHB Jerry Escamilla 0-0: Called Strike
0-1: Ball
1-1: Fly out, F7 (Flyball, 78S, EV 73.8 MPH)
Bottom of the 6th over - 0 runs, 0 hits, 0 errors, 0 left on base; Buffalo 0 - Nashville 0
TOP OF THE 7TH
Buffalo Bisons batting - Pitching for Nashville Sounds : RHP John McAuley
Batting: RHB Jon Aguilar 0-0: Called Strike
0-1: Ball
1-1: Ball
2-1: Ball
3-1: Base on Balls
Pinch Hitting: LHB Da Vo 0-0: Sac Bunt to 25 - play at first, batter OUT! 5-3
Jon Aguilar to second
Batting: RHB Danny Heyer 0-0: Called Strike
0-1: Swinging Strike
0-2: SINGLE (Groundball, 56D, EV 99.4 MPH)
Jon Aguilar to third
Batting: RHB Darren McCarty Jr. 0-0: Ball
1-0: Fly out, F8 (Line Drive, 8RM, EV 95.6 MPH)
Runner from 3rd tags up, SCORES, no throw by CF
Batting: RHB Justin Ganey 0-0: Fielders Choice at 2nd, 6-4 (Groundball, 56, EV 86.2 MPH)
Top of the 7th over - 1 run, 1 hit, 0 errors, 1 left on base; Buffalo 1 - Nashville 0
BOTTOM OF THE 7TH
Nashville Sounds batting - Pitching for Buffalo Bisons : LHP Danny Lawson
Now at 1B: Alex Ramos
Now at 2B: Dylan Phillips
Now at SS: Darren McCarty Jr.
Batting: RHB Chris Stillions 0-0: SINGLE (Groundball, 4M, EV 108.1 MPH) (infield hit)
Batting: RHB Mike Cervino 0-0: Ball
1-0: Bunted foul
1-1: Ball
2-1: Bunt missed!
2-2: DOUBLE (Flyball, 78D, EV 93.1 MPH)
Chris Stillions to third
Batting: RHB Antonio Gomez 0-0: Called Strike
0-1: Foul Ball, location: 2F
0-2: Foul Ball, location: 2F
0-2: Ball
1-2: Ball
2-2: SINGLE (Groundball, 4M, EV 96.9 MPH)
Chris Stillions scores
Mike Cervino to third
Batting: RHB Ben Zeiler 0-0: Called Strike
Antonio Gomez steals 2nd base
0-1: Ground out 6-3 (Groundball, 6M, EV 81.9 MPH)
Batting: RHB Eduardo Chavez 0-0: Ball
1-0: Ball
2-0: Ground out 4-3 (Groundball, 6, EV 105.6 MPH)
Batting: RHB Jeff Garofalo 0-0: Foul Ball, location: 2F
0-1: Ball
1-1: Ball
2-1: Swinging Strike
2-2: Foul Ball, location: 2F
2-2: Ball
3-2: Foul Ball, location: 2F
3-2: Base on Balls
Pitching: RHP John Mathis
Batting: RHB Dan Boylan 0-0: Ball
1-0: Ball
2-0: Foul Ball, location: 2F
2-1: Foul Ball, location: 2F
2-2: SINGLE (Line Drive, 34D, EV 107.5 MPH)
Mike Cervino scores
Antonio Gomez to third
Jeff Garofalo to second
Batting: LHB Isto Mäyrä 0-0: Ball
1-0: Called Strike
1-1: Called Strike
1-2: Hit by Pitch
Antonio Gomez scores
Jeff Garofalo to third
Dan Boylan to second
Batting: RHB Jerry Escamilla 0-0: Ball
1-0: Called Strike
1-1: Swinging Strike
1-2: Fielders Choice at 2nd, 6-4 (Groundball, 6, EV 86.9 MPH)
Bottom of the 7th over - 3 runs, 4 hits, 0 errors, 3 left on base; Buffalo 1 - Nashville 3
TOP OF THE 8TH
Buffalo Bisons batting - Pitching for Nashville Sounds : RHP John McAuley
Batting: RHB Francisco Hernandez 0-0: Ball
1-0: Foul Ball, location: 2F
1-1: Foul Ball, location: 2F
1-2: Ball
2-2: Strikes out swinging
Batting: RHB Amari Benton 0-0: Ball
1-0: Foul Ball, location: 2F
1-1: Foul Ball, location: 2F
1-2: Foul Ball, location: 2F
1-2: Ball
2-2: SINGLE (Line Drive, 89S, EV 90.0 MPH)
Batting: RHB Finn Ross 0-0: Ball
1-0: Fly out, F8 (Flyball, 8RD, EV 98.8 MPH)
Batting: RHB Alex Ramos 0-0: Called Strike
0-1: Foul Ball, location: 2F
0-2: Ball
1-2: Foul Ball, location: 2F
1-2: Ball
2-2: Ground out U3 (Groundball, 3, EV 83.8 MPH)
Top of the 8th over - 0 runs, 1 hit, 0 errors, 1 left on base; Buffalo 1 - Nashville 3
BOTTOM OF THE 8TH
Nashville Sounds batting - Pitching for Buffalo Bisons : RHP John Mathis
Batting: RHB Chris Stillions 0-0: Called Strike
0-1: Ball
1-1: Ball
2-1: Ground out 5-3 (Groundball, 5, EV 80.0 MPH)
Batting: RHB Mike Cervino 0-0: Called Strike
0-1: Foul Ball, location: 2F
0-2: Ball
1-2: Ball
2-2: Ground out 6-3 (Groundball, 6, EV 99.4 MPH)
Batting: RHB Antonio Gomez 0-0: Ball
1-0: Foul Ball, location: 2F
1-1: Ball
2-1: SINGLE (Groundball, 56D, EV 105.0 MPH)
Batting: RHB Ben Zeiler 0-0: Called Strike
0-1: Called Strike
0-2: Strikes out swinging
Bottom of the 8th over - 0 runs, 1 hit, 0 errors, 1 left on base; Buffalo 1 - Nashville 3
TOP OF THE 9TH
Buffalo Bisons batting - Pitching for Nashville Sounds : RHP John McAuley
Pitching: RHP Germano Nunes
Batting: RHB Jon Aguilar 0-0: Ball
1-0: Ground out 4-3 (Groundball, 4, EV 82.5 MPH)
Batting: RHB Dylan Phillips 0-0: Ball
1-0: Ball
2-0: Foul Ball, location: 2F
2-1: Foul Ball, location: 2F
2-2: Ball
3-2: Strikes out swinging
Batting: RHB Danny Heyer 0-0: Swinging Strike
0-1: TRIPLE (Groundball, 5L, EV 105.6 MPH)
Batting: RHB Darren McCarty Jr. 0-0: Ball
1-0: Foul Ball, location: 2F
1-1: Ball
2-1: Fly out, F9 (Flyball, 9, EV 92.5 MPH)
Top of the 9th over - 0 runs, 1 hit, 0 errors, 1 left on base; Buffalo 1 - Nashville 3
Tuesday, September 13th , 2022 - OOTP Baseball 23.7 Build 88